 Dungeon Crawl Stone Soup version 0.24-a0-22-g2a401c0 (console) character file.

Game seed: 1792585390639344449

788 Voker57 the Slasher (level 7, -2/85 HPs)
             Began as a Demonspawn Gladiator on Feb 1, 2019.
             Was an Initiate of Makhleb.
             Slain by a sky beast (5 damage)
             ... on level 4 of the Dungeon.
             The game lasted 00:05:24 (2832 turns).

Voker57 the Slasher (Demonspawn Gladiator)          Turns: 2832, Time: 00:05:25

Health: -2/85      AC: 23    Str: 11 (14) XL:     7   Next: 56%
Magic:  9/9        EV:  2    Int:  9 (12) God:    Makhleb [......]
Gold:   209        SH:  0    Dex: 13 (16) Spells: 6/6 levels left

rFire    . . .     SeeInvis .   a - +1 long sword
rCold    . . .     Gourm    .   (no shield)
rNeg     + + +     Faith    .   (armour currently unavailable)
rPois    +         Spirit   .   (helmet currently unavailable)
rElec    .         Reflect  .   (cloak currently unavailable)
rCorr    .         Harm     .   (gloves currently unavailable)
MR       .....     NoTele   +   (boots currently unavailable)
Stlth    +.........             e - amulet of the acrobat
HPRegen  0.24/turn              g - ring of poison resistance
MPRegen  0.11/turn              (no ring)

@: tree-form
A: clever 1, powered by death 2
a: Renounce Religion


You were on level 4 of the Dungeon.
You worshipped Makhleb.
Makhleb was noncommittal.
You were very hungry.
You were a tree.
You visited 2 branches of the dungeon, and saw 6 of its levels.

You collected 209 gold pieces.

Inventory:

Hand Weapons
 a - a +1 long sword (weapon)
Armour
 b - a +0 leather armour (melded)
 c - a +0 helmet
Jewellery
 e - an amulet of the acrobat (around neck)
 g - a ring of poison resistance (left branch)
 j - an uncursed amulet of regeneration {unknown}
 m - an uncursed ring of resist corrosion {unknown}
 o - a +4 ring of dexterity {unknown}
 q - a cursed amulet of inaccuracy {unknown}
Scrolls
 h - 3 scrolls of identify
 i - a scroll of amnesia
 s - a scroll of enchant weapon
 t - a scroll of magic mapping
Potions
 l - a potion of degeneration
Comestibles
 f - 5 rations


   Skills:
 + Level 5.8 Fighting
 * Level 7.8 Long Blades
 - Level 1.7 Throwing
 + Level 5.7 Dodging
 + Level 3.2 Invocations


You had 6 spell levels left.
You didn't know any spells.
Your spell library was empty.

Dungeon Overview and Level Annotations

Branches:
Dungeon (5/15)             Temple (1/1) D:4

Altars:
Ashenzari
Dithmenos
Elyvilon
Kikubaaqudgha
Makhleb
Nemelex Xobeh
Qazlal
Ru
Sif Muna
Trog
Vehumet
Wu Jian
Xom
Yredelemnul
Zin

Annotations:
D:5 Pikel


Innate Abilities, Weirdness & Mutations

((You have very sharp fingernails.))
((You have hoof-like feet.))
((You have a pair of small horns on your head.))
You regenerate health from kills.
Your mind is acute. (Int +2)


Message History

* * * LOW HITPOINT WARNING * * *
Something shocks you.
* * * LOW HITPOINT WARNING * * *
It was a potion of lignification.
You turn into a tree.
Your +0 leather armour melds into your body.
Your roots penetrate the ground.
A sky beast appears from thin air!
Reactivating autopickup.
The sky beast hits you but does no damage.
You closely miss the sky beast.
The sky beast is almost dead.
The sky beast flickers out of sight!
Deactivating autopickup; reactivate with Ctrl-A.
Something hits you but does no damage.
You miss something. Something hits you but does no damage.
You closely miss something.
A sky beast appears from thin air!
Reactivating autopickup.
The sky beast hits you.
* * * LOW HITPOINT WARNING * * *
The sky beast shocks you.
You die...

##..# ######.###...# ##..# #.#
#...# ##..# #.# #...# ##..#
#.# #...# #...# #.# #...#
...##### #.# ##### #.s###.#
#.# .......## #.# .....#..#
#.# ########## ...#..#.# #♣#
#........# ....#.#s## #Y#
##........# #........#
#s###.........#
.....##..#######p##..........#
............s.......#........#
###.........p....##.#........#
.####................#########
.............###.###.........#
........#....# #.###.........#
...##...#....###.#...........#


You could see a sky beast, a slave and a scorpion.

Vanquished Creatures
  Grinder (D:4)
  An ice beast (D:4)
  A slave (D:4)
  An ogre (D:4)
  A scorpion (D:4)
  A howler monkey (D:4)
  A hound (D:4)
  An orc priest (D:3)
  A bullfrog skeleton (D:4)
  An iguana (D:4)
  A worker ant (D:4)
  An orc wizard (D:4)
  4 adders
  An adder zombie (D:2)
  An adder skeleton (D:4)
  A worm (D:2)
  4 dart slugs
  2 leopard geckos
  14 orcs
  5 giant cockroaches
  5 goblins
  4 hobgoblins
  7 jackals
  2 kobolds (D:1)
  3 quokkas (D:4)
  A ball python (D:1)
  A ball python skeleton (D:4)
  5 bats
  2 frilled lizards
  A quokka zombie (D:5)
  2 rats (D:1)
77 creatures vanquished.

Notes
Turn   | Place    | Note
-------+----------+-------------------------------------------
     0 | D:1      | Voker57 the Demonspawn Gladiator began the quest for the
                  | Orb.
     0 | D:1      | Reached XP level 1. HP: 16/16 MP: 1/1
    65 | D:1      | Reached skill level 3 in Long Blades
    89 | D:1      | Gained mutation: You have sharp fingernails. [demonic
                  | ancestry]
    89 | D:1      | Reached XP level 2. HP: 22/22 MP: 2/2
   507 | D:2      | Reached skill level 5 in Fighting
   507 | D:2      | Reached skill level 6 in Long Blades
   507 | D:2      | Reached skill level 5 in Dodging
   507 | D:2      | Gained mutation: You have large cloven feet. [demonic
                  | ancestry]
   507 | D:2      | Reached XP level 3. HP: 33/33 MP: 3/3
   732 | D:2      | Found a deep blue altar of Sif Muna.
   761 | D:2      | Gained mutation: Your mind is acute. (Int +2) [potion of
                  | mutation]
   761 | D:2      | Gained mutation: You have very sharp fingernails. [potion
                  | of mutation]
   773 | D:2      | Gained mutation: You have a pair of small horns on your
                  | head. [demonic ancestry]
   773 | D:2      | Reached XP level 4. HP: 35/39 MP: 4/4
   826 | D:2      | Found a sacrificial altar of Ru.
   992 | D:2      | Found a white marble altar of Elyvilon.
  1146 | D:3      | Found a shadowy altar of Dithmenos.
  1275 | D:3      | Gained mutation: You regenerate a little health from kills.
                  | [demonic ancestry]
  1275 | D:3      | Reached XP level 5. HP: 33/44 MP: 5/5
  1888 | D:4      | Found a staircase to the Ecumenical Temple.
  1899 | Temple   | Entered the Ecumenical Temple
  1917 | Temple   | Became a worshipper of Makhleb the Destroyer
  1934 | D:4      | Reached skill level 7 in Long Blades
  1985 | D:4      | Noticed an ogre
  1998 | D:4      | Killed an ogre
  1998 | D:4      | Reached skill level 1 in Invocations
  1998 | D:4      | Gained mutation: You regenerate health from kills. [demonic
                  | ancestry]
  1998 | D:4      | Reached XP level 6. HP: 32/51 MP: 5/7
  2198 | D:5      | Entered Level 5 of the Dungeon
  2198 | D:5      | Noticed Pikel
  2198 | D:5      | Noticed a slave
  2198 | D:5      | Noticed a slave
  2198 | D:5      | Noticed a slave
  2198 | D:5      | Noticed a slave
  2206 | D:4      | Killed a slave
  2312 | D:5      | Noticed a sky beast
  2501 | D:5      | Found a white marble altar of Elyvilon.
  2505 | D:5      | Noticed an ice beast
  2516 | D:4      | Killed an ice beast
  2516 | D:4      | Gained mutation: You have hoof-like feet. [demonic
                  | ancestry]
  2516 | D:4      | Reached XP level 7. HP: 28/56 MP: 8/8
  2591 | D:5      | Noticed Grinder
  2606 | D:4      | Killed Grinder
  2828 | D:4      | HP: 2/57 [something (6)]
  2832 | D:4      | Slain by a sky beast

Vault maps used:
D:1:      dpeg_arrival_tiny_f
D:2:      lemuel_round_altar, old_standard_altar, led_sif_pool, first_ration,
          corexii_corridor_pit, minivault_26
D:3:      nicolae_dithmenos_shadow_blocks, minivault_24
D:4:      minmay_temple_entry_grid, serial_park_tiny_pond
D:5:      fedhas_altar_fruit_tree, basic_altar, minmay_misc_feat_doors,
          uniq_pikel, uniq_grinder, uniq_duvessa
Temple:   minmay_freezing_vapour_temple

Skill      XL: |  1  2  3  4  5  6  7 |
---------------+----------------------+-----
Long Blades    | 3 6 7 |  7.8
Dodging        | 5 |  5.7
Fighting       | 5 |  5.8
Invocations    | 1 2 3 |  3.2
Throwing       | |  1.7

Action                   |  1- 3 |  4- 6 |  7- 9 || total
-------------------------+-------+-------+-------++-------
Melee: Long sword        |    54 |   116 |    24 ||   194
       Kick              |     5 |    40 |    10 ||    55
       Headbutt          |       |    36 |     8 ||    44
Throw: Throwing net      |       |     4 |       ||     4
  Use: Scroll            |     5 |     2 |       ||     7
       Potion            |     3 |       |     4 ||     7
 Stab: Held in net/web   |       |     4 |       ||     4
  Eat: Chunk             |       |     5 |       ||     5
Armor: Leather armour    |    28 |    15 |     8 ||    51
       Skin              |       |       |     3 ||     3
Dodge: Dodged            |    51 |    94 |    26 ||   171
       Rpst.: Long sword |    10 |    31 |     8 ||    49

Table legend:
 A = Non-vault XP
 B = Vault XP
 C = Vault XP percentage of total XP
 D = Non-vault monster count
 E = Vault monster count
 F = Vault count percentage of total count
                 A         B        C        D         E       F
            +---------+---------+-------+---------+---------+-------
      Total |     805 |     267 |  24.9 |      75 |       1 |   1.3
            +---------+---------+-------+---------+---------+-------
        D:1 |      39 |       0 |   0.0 |      21 |       0 |   0.0
        D:2 |      17 |       0 |   0.0 |       4 |       0 |   0.0
        D:3 |     103 |       0 |   0.0 |      18 |       0 |   0.0
        D:4 |     627 |     267 |  29.9 |      28 |       1 |   3.4
        D:5 |      19 |       0 |   0.0 |       4 |       0 |   0.0
            +---------+---------+-------+---------+---------+-------
